Cogmind - Beta 16 *** ADVENTURER MODE // 2025.12.28 @ 20:52:17 Player: Gentle Jesus Result: Destroyed by G-73 Enforcer with Phase Gun Performance ------------- Evolutions (8) 4000 Regions Visited (20) 4000 Robots Destroyed (190) 950 Value Destroyed (8652) 8652 Prototype IDs (41) 820 Alien Tech Used (6) 1200 Bonus (19574) 19574 TOTAL SCORE: 39196 Bonus ------- Triggered Max Security 1000 High Alert Combat Kills 304 Follower Combat Kills 1479 Met Zhirov 300 Met Warlord at Base 500 MAIN.C Attacked Warlord 500 Built Enhanced Grunts 300 Met R17 at Cetus 500 Used Core Reset Matrix 3000 Met R17 at Research 2000 Met Warlord at Research 2000 Invited to Help at Command 2000 Scanned by Researcher 500 Pursued by Intercept 500 Met Sigix 2000 Activated Exoskeleton 3000 Friendly Fire -309 Cogmind --------- Core Integrity 0/1450 Matter 300/300 Energy 99/100 System Corruption 9% Temperature Cool (24) Movement Core (50) Location -2/Section 7 Parts ------- > --- POWER (2) -------- (None) > --- PROPULSION (6) --- (None) > --- UTILITY (11) ----- (None) > --- WEAPON (4) ------- (None) > --- INVENTORY (5) ---- Light Antimatter Reactor Subatomic Replicator Enhanced Nova Cannon Enhanced Hardcell Cannon Peak State ------------ > --- POWER ------------ Micro Antimatter Reactor Light Quantum Reactor > --- PROPULSION ------- Impulse Thruster Array Impulse Thruster Array Cooled Q-thruster Experimental Q-thruster > --- UTILITY ---------- Advanced Heat Sink Advanced Heat Sink Gravity Neutralizer Advanced Signal Interpreter Experimental Targeting Computer Advanced Target Analyzer Experimental Core Analyzer Improved Armor Integrity Analyzer Layered Light Armor Plating Centrium Light Armor Plating Improved Hacking Suite > --- WEAPON ----------- Enhanced Nova Cannon Disintegrator > --- INVENTORY -------- Dimensional Node Initializer Subatomic Replicator Enhanced Hardcell Cannon Sigix Containment Pod [Rating: 179] Favorites ----------- Power Quantum Reactor Engine Light Ion Engine Power Core Neutrino Core Reactor Quantum Reactor Propulsion Carbon-fiber Leg Treads Armored Medium Treads Leg Carbon-fiber Leg Wheel Compact Wheel Hover Unit Makeshift Hover Unit Flight Unit Impulse Thruster Array Utility Advanced Heat Sink Device Advanced Heat Sink Storage Small Storage Unit Processor Advanced Signal Interpreter Hackware Ghost Barrier Protection Improved Light Armor Plating Weapon Heavy Ion Cannon Energy Gun Medium Laser Energy Cannon Heavy Ion Cannon Ballistic Gun Advanced KE Penetrator Ballistic Cannon Slug Cannon Launcher Subdweller Shrapnel Launcher Impact Weapon Great Maul Slashing Weapon Phasing Sabre Piercing Weapon Enhanced Force Lance Build | -11 -10 -10 -8 -8 -6 -6 -6 -6 -6 -5 -4 -4 -4 -4 -3 -3 -3 -2 -2 -2 ------- Run | Yrd Mat Sub Rec Scr Fac Ext Cet Arc Hub Fac Fac Upp Upp War Pro Res Qua Res Tes Sec Slots Evolved 16 | . . . . . 8 . . . . 2 2 . . . . 2 . 2 . . Power 1 | . . . . . 1 . . . . . . . . . . . . . . . Propulsion 4 | . . . . . 4 . . . . . . . . . . . . . . . Utility 9 | . . . . . 2 . . . . 2 2 . . . . 2 . 1 . . Weapon 2 | . . . . . 1 . . . . . . . . . . . . 1 . . Parts Attached 235 | 6 1 4 3 3 21 23 6 3 2 31 2 4 22 5 2 18 20 50 3 6 Power 27 | 1 . . . 1 4 4 2 1 . 1 . . 6 . . 1 2 3 . 1 Engine 8 | 1 . . . . 2 3 . . . 1 . . 1 . . . . . . . Core 8 | . . . . 1 2 1 . . . . . . 4 . . . . . . . Reactor 11 | . . . . . . . 2 1 . . . . 1 . . 1 2 3 . 1 Propulsion 68 | 2 . 1 1 1 2 8 1 . . 12 . . 8 1 . 10 8 13 . . Treads 2 | . . . . . . . . . . . . . . . . 1 . 1 . . Leg 35 | . . . . . . 8 1 . . 9 . . 2 . . 7 8 . . . Wheel 6 | 2 . 1 . . . . . . . 1 . . 1 . . 1 . . . . Hover 13 | . . . 1 1 2 . . . . 2 . . 5 1 . 1 . . . . Flight 12 | . . . . . . . . . . . . . . . . . . 12 . . Utility 89 | 1 1 . 1 1 9 7 3 . 2 11 1 4 3 3 1 4 8 24 2 3 Device 46 | . 1 . . 1 3 3 1 . 1 7 . 2 . 2 1 2 6 13 1 2 Storage 5 | 1 . . . . 1 1 . . . . . . . . . . 1 . 1 . Processor 15 | . . . 1 . . . . . 1 2 1 1 2 . . 1 1 5 . . Hackware 5 | . . . . . 1 . . . . . . . . 1 . . . 2 . 1 Protection 18 | . . . . . 4 3 2 . . 2 . 1 1 . . 1 . 4 . . Artifact . | . . . . . . . . . . . . . . . . . . . . . Weapon 51 | 2 . 3 1 . 6 4 . 2 . 7 1 . 5 1 1 3 2 10 1 2 Energy Gun 14 | 1 . . . . 2 4 . . . 3 1 . 2 . . 1 . . . . Energy Cannon 11 | . . . . . 2 . . . . . . . . 1 1 1 . 4 1 1 Ballistic Gun 6 | 1 . 1 1 . . . . 2 . . . . . . . . 1 . . . Ballistic Cannon 7 | . . 1 . . . . . . . 1 . . 1 . . 1 . 3 . . Launcher 7 | . . 1 . . 1 . . . . 2 . . . . . . . 3 . . Special Weapon . | . . . . . . . . . . . . . . . . . . . . . Impact Weapon 1 | . . . . . 1 . . . . . . . . . . . . . . . Slashing Weapon 3 | . . . . . . . . . . 1 . . 2 . . . . . . . Piercing Weapon 2 | . . . . . . . . . . . . . . . . . 1 . . 1 Special Melee Weapon . | . . . . . . . . . . . . . . . . . . . . . Unidentified Prototypes 29 | . . . . . . . 1 1 . 3 2 . . 5 . . 3 10 3 1 Corrupted Parts 14 | . . . . . 1 4 . 3 . 5 . . 1 . . . . . . . System Corruption 78 | . . . . . 10 24 . 13 . 21 . . 10 . . . . . . . Parts Lost 124 | . . 6 2 . 9 9 4 4 . 24 . . 13 . 8 1 23 5 . 16 Power 11 | . . 1 . . 3 2 . 1 . 1 . . 1 . . . 1 . . 1 Propulsion 44 | . . 2 . . 2 3 3 1 . 10 . . 3 . 5 . 11 . . 4 Utility 47 | . . 1 . . 3 3 1 1 . 7 . . 6 . 2 1 8 4 . 10 Weapon 22 | . . 2 2 . 1 1 . 1 . 6 . . 3 . 1 . 3 1 . 1 Highest Loss Streak 15 | . . 3 1 . 5 4 3 4 . 15 . . 9 . 8 1 10 2 . 14 To Critical Strikes 4 | . . 1 . . . . 1 . . . . . 1 . . . . . . 1 Average Backups 6 | . 1 4 3 6 6 7 12 18 15 14 5 5 3 4 3 4 5 2 2 3 Power 1 | . . . . . 1 1 3 7 6 5 2 2 2 2 2 2 1 . . . Propulsion . | . . . . . . . . . . 1 . . . . . . . . . . Utility 2 | . . 1 2 3 2 4 6 8 7 5 . 1 . . . . . . . . Weapon 1 | . 1 3 1 2 2 1 1 3 2 2 2 2 1 1 1 2 1 . . 1 Tool/Special . | . . . . . . . . . . . . . . . . . . . . . Unused Backups 10 | . . . . 1 1 3 . . . 2 . . . 1 . . 1 . . 1 Power 3 | . . . . . . 1 . . . 1 . . . 1 . . . . . . Propulsion . | . . . . . . . . . . . . . . . . . . . . . Utility 6 | . . . . 1 1 2 . . . 1 . . . . . . 1 . . . Weapon . | . . . . . . . . . . . . . . . . . . . . . Tool/Special 1 | . . . . . . . . . . . . . . . . . . . . 1 Average Slot Usage (%) 70 | . 93 73 53 67 56 77 86 79 74 77 41 53 51 79 85 69 81 67 77 70 Engine 3 | . 14 13 . . 2 9 . . . . 5 5 1 . . . . . . . Core 1 | . . . . 12 2 1 4 . . . . . 6 5 5 3 . . . . Reactor 3 | . . . . . . . 6 11 13 9 . . . 5 5 4 4 6 8 6 Leg 7 | . . . . . . 19 27 24 20 20 . . . . . 10 22 . . . Wheel 3 | . 28 15 . . . . . . . . . . 2 . . 1 . . . . Hover 4 | . . . 6 26 17 1 . . . . 10 10 3 27 28 3 . . . . Flight 2 | . . . . . . . . . . . . . . . . . . 15 17 15 Device 8 | . 8 1 . 11 3 9 7 10 7 11 10 13 9 1 9 7 14 16 12 14 Storage 5 | . 14 14 14 14 6 6 6 6 6 4 . . . . . . 3 . 1 3 Processor 8 | . . . 10 2 . . . . 1 5 10 14 14 21 15 15 16 17 19 16 Protection 3 | . . . . . 8 8 11 6 5 4 . 4 3 5 4 . 2 3 8 5 Energy Gun 4 | . 14 13 . . 4 8 6 5 . 2 4 5 4 . . . 3 . . . Energy Cannon 1 | . . . . . 3 2 6 6 6 2 . . . . . 3 . 3 4 2 Ballistic Gun 2 | . 14 1 14 . . . . . 13 4 . . . . . . 1 . . . Ballistic Cannon 2 | . . 12 . . . . . . . . . . . 5 4 3 1 . . . Slashing Weapon 1 | . . . . . . . . . . 2 . . 2 5 5 3 1 . . . Peak Build Rating 179 | 6 7 10 11 17 61 59 74 74 77 96 50 61 98 120 120 139 146 157 179 155 Average Rating 66 | 4 6 8 8 14 42 45 64 68 72 75 42 53 51 103 112 109 125 127 155 136 On Entrance 60 | . 6 7 7 11 15 51 59 74 73 73 37 45 56 91 120 70 132 35 147 155 Avg Prop Armor Cover (%) 11 | . . 7 . . . . . . . 3 . . . . . 18 . 2 . . Naked Turns 3 | . . . . . . . . . . . . . . . . . . . . 3 Heaviest Build 119 | 12 13 18 15 13 42 85 105 108 108 119 17 21 64 74 59 73 78 45 47 54 Greatest Support 135 | 26 26 26 12 19 52 95 95 65 50 95 20 20 60 73 73 135 135 70 57 57 Greatest Overweight (x) 6 | . . 4 4 . . 1 2 2 2 6 . 1 6 1 3 3 1 1 . . Average Overweight (x) . | . . . 1 . . . . 1 2 1 . . 1 . . 1 . . . . Largest Inventory Capacity 20 | 8 8 8 8 8 8 20 20 20 20 20 5 5 5 5 5 5 8 5 5 5 Average Capacity 8 | 7 8 8 8 8 8 8 20 20 20 19 5 5 5 5 5 5 7 5 5 5 Most Carried 18 | 1 2 7 6 8 8 8 18 18 16 18 5 5 5 5 5 5 8 5 5 5 Average Carried 6 | . 1 5 4 7 6 7 12 17 15 14 4 5 3 4 4 5 5 4 4 4 Final Capacity 20 | 8 8 8 8 8 8 20 20 20 20 5 5 5 5 5 5 5 5 5 5 5 Final Carried 18 | 1 2 5 6 6 8 8 18 16 14 5 5 5 5 5 5 5 5 5 5 4 Class Distribution -------------------- 29% | Mutant 21% | Scavenger-Mutant 13% | Scavenger-Sprinter 8% | Commander-Mutant 6% | Scavenger-Assassin 5% | Derelict-Mutant 4% | Hacker-Mutant 3% | Scavenger-Skirmisher Dominant Class ---------------- Mutant | -10/Materials Mutant | -10/Subcaves Mutant | -8/Recycling Commander-Mutant | -8/Scraptown Mutant | -6/Factory Scavenger-Mutant | -6/Extension Scavenger-Mutant | -6/Cetus Scavenger-Mutant | -6/Archives Scavenger-Tank | -6/Hub_04(d) Scavenger-Mutant | -5/Factory Scout | -4/Factory Scavenger-Scout | -4/Upper Caves Scavenger-Assassin | -4/Upper Caves Derelict-Mutant | -4/Warlord Derelict-Mutant | -3/Proximity Caves Hacker-Mutant | -3/Research Scavenger-Assassin | -3/Quarantine Scavenger-Sprinter | -2/Research Scavenger-Sprinter | -2/Testing Scavenger-Sprinter | -2/Section 7 Resources | -11 -10 -10 -8 -8 -6 -6 -6 -6 -6 -5 -4 -4 -4 -4 -3 -3 -3 -2 -2 -2 ----------- Run | Yrd Mat Sub Rec Scr Fac Ext Cet Arc Hub Fac Fac Upp Upp War Pro Res Qua Res Tes Sec Matter Collected 4924 | 175 . 389 185 30 344 481 131 . . 914 . 171 326 . 167 339 390 740 88 54 Remotely . | . . . . . . . . . . . . . . . . . . . . . Salvage Created 8311 | . . 224 199 . 574 854 73 224 . 2659 . 123 538 . 175 355 866 989 126 332 Parts 337 | . . 4 5 . 21 10 . 5 . 135 . 7 10 . 16 13 39 42 7 23 Haulers Intercepted 6 | . . . . . . . . . . 2 . . . . . 1 . 3 . . Recyclers Shooed 11 | . . . 1 . . . . . . 9 . . . . . . . 1 . . Parts Field Recycled . | . . . . . . . . . . . . . . . . . . . . . Retrieved Matter . | . . . . . . . . . . . . . . . . . . . . . Parts Self-Destructed 53 | . . 23 . . . . . . . . . 11 3 . 16 . . . . . Prevented . | . . . . . . . . . . . . . . . . . . . . . Parts Restored . | . . . . . . . . . . . . . . . . . . . . . Kills | -11 -10 -10 -8 -8 -6 -6 -6 -6 -6 -5 -4 -4 -4 -4 -3 -3 -3 -2 -2 -2 ------- Run | Yrd Mat Sub Rec Scr Fac Ext Cet Arc Hub Fac Fac Upp Upp War Pro Res Qua Res Tes Sec Combat Hostiles Destroyed 152 | . . 10 4 . 12 15 1 6 . 36 . 2 11 . 8 4 14 19 4 6 Melee 11 | . . . . . 4 1 . . . . . . 1 . 4 . . . . 1 Guns 48 | . . 4 3 . . 6 . . . 17 . 2 6 . . . 10 . . . Cannons 55 | . . 6 . . 1 1 1 . . 4 . . 2 . 4 4 4 19 4 5 AOE 28 | . . . 1 . 5 3 . 6 . 13 . . . . . . . . . . Classes Destroyed 23 | . . 2 5 . 2 1 . 1 . 6 . . 3 . . . 2 . . 1 Worker 7 | . . . . . . . . . . 6 . . . . . . . 1 . . Builder 7 | . . . . . . . . . . 6 . . . . . . . . . 1 Hauler 6 | . . . . . . . . . . 2 . . . . . 1 . 3 . . Recycler 5 | . . . 1 . 1 . . . . 3 . . . . . . . . . . Mechanic 1 | . . . . . . . . . . . . . . . . . 1 . . . Operator 1 | . . . . . . . . . . . . . . . . . . . . 1 Turret 2 | . . 2 . . . . . . . . . . . . . . . . . . Watcher 6 | . . . . . . 2 . . . 2 . . . . . 1 . . . 1 Swarmer 50 | . . . 1 . 3 . . . . 4 . 2 6 . 8 1 2 14 4 5 Cutter 3 | . . . . . . . . . . 2 . . . . . . . . . 1 Saboteur 1 | . . . . . . . . . . 1 . . . . . . . . . . Grunt 45 | . . . . . 5 8 . 2 . 15 . . 1 . . 2 10 2 . . Protector 3 | . . . . . . . . 2 . 1 . . . . . . . . . . Researcher 2 | . . . . . . . . . . . . . . . . . 2 . . . Sentry 15 | . . . 1 . 1 6 . 2 . 3 . . 1 . . 1 . . . . Demolisher 2 | . . . 1 . . . . . . . . . . . . . . 1 . . Specialist 2 | . . . . . . . . . . 2 . . . . . . . . . . Hunter 7 | . . . . . 2 1 . . . 3 . . . . . . . 1 . . Programmer 10 | . . . 1 . 1 . . . . 5 . . . . . . 2 1 . . Cetus Guard 1 | . . . . . . . 1 . . . . . . . . . . . . . Enhanced Grunt 1 | . . . . . . . . 1 . . . . . . . . . . . . Subdweller 10 | . . 10 . . . . . . . . . . . . . . . . . . Packrat 1 | . . . . . . . . . . . . 1 . . . . . . . . Samaritan 2 | . . . . . . . . . . . . . 2 . . . . . . . Butcher 2 | . . . . . . . . . . . . . 2 . . . . . . . Mutant 1 | . . . . . . . . . . . . . 1 . . . . . . . Best Kill Streak 13 | . . 2 3 . 5 4 1 6 . 13 . 2 5 . 4 2 12 5 4 5 Combat Bots Only 11 | . . 1 2 . 5 4 1 6 . 5 . 2 5 . 4 2 11 5 4 5 Max Kills in Single Turn 5 | . . 2 1 . 3 2 1 3 . 5 . 1 1 . 1 1 2 1 1 1 Gunslinging 1 | . . . . . . . . . . 1 . . . . . . . . . . Exploded 4 | . . . 1 . 2 2 . 3 . 4 . . . . . . . . . . Melee 1 | . . . . . 1 1 . . . . . . 1 . 1 . . . . 1 Uniques/NPCs Destroyed . | . . . . . . . . . . . . . . . . . . . . . Combat | -11 -10 -10 -8 -8 -6 -6 -6 -6 -6 -5 -4 -4 -4 -4 -3 -3 -3 -2 -2 -2 -------- Run | Yrd Mat Sub Rec Scr Fac Ext Cet Arc Hub Fac Fac Upp Upp War Pro Res Qua Res Tes Sec Hostile Shots Fired 2085 | . . 60 25 . 309 301 61 9 . 312 . 5 224 9 80 51 290 124 41 184 Missed 756 | . . 18 5 . 140 113 21 3 . 102 . 3 79 8 20 18 100 45 16 65 Hits 1329 | . . 42 20 . 169 188 40 6 . 210 . 2 145 1 60 33 190 79 25 119 Melee 29 | . . . . . . . . . . 6 . . 12 . . 4 . . . 7 Projectile 1300 | . . 42 20 . 169 188 40 6 . 204 . 2 133 1 60 29 190 79 25 112 AOE 13 | . . . 3 . 1 . . . . 3 . . . . . . . 4 . 2 Critical Strikes 63 | . . 1 1 . 2 2 7 . . 12 . . 9 . . 1 19 3 . 6 Actively Blocked 1 | . . . . . . . . . . . . . . . . . . 1 . . Part Disruptions 8 | . . . . . . . . . . 3 . . 5 . . . . . . . Damage Taken 19690 | . . 603 267 . 1203 1472 724 802 . 3484 . 34 1590 16 1068 780 3640 1442 456 2109 Core 4356 | . . 114 57 . 217 195 99 54 . 369 . . 634 . 108 103 931 195 96 1184 Absorbed by Shields 550 | . . . . . 151 163 140 . . . . . . . . . . . . 96 Redirected to Shielding 173 | . . . . . . 24 . . . . . 7 82 . . . . 60 . . Ignored by Resistances 5680 | . . 163 75 . 441 460 236 206 . 970 . 9 486 4 292 207 1008 394 124 605 Regen/Repaired (Parts) 244 | . . . . . . . . . . 208 . . . . . . . 36 . . Core Remaining (%) 45 | 100 . . . 31 . . . . 33 63 . . . . 35 . 13 . . . Volleys Fired 530 | . . 49 11 . 34 58 16 4 . 103 . 15 51 1 8 23 32 92 7 26 Largest 3 | . . 2 2 . 2 2 2 1 . 2 . 1 2 1 2 2 3 2 2 1 Hottest 229 | . . 90 65 . 140 155 140 33 . 120 . 88 135 100 147 181 229 178 178 120 Shots Fired 790 | . . 93 19 . 43 98 29 6 . 172 . 15 54 1 12 44 66 99 13 26 Gun 394 | . . 44 17 . 24 57 14 1 . 119 . 15 41 . . 6 56 . . . Cannon 348 | . . 47 . . 16 29 15 1 . 33 . . 13 1 12 38 10 94 13 26 Launcher 48 | . . 2 2 . 3 12 . 4 . 20 . . . . . . . 5 . . Special . | . . . . . . . . . . . . . . . . . . . . . Kinetic 234 | . . 51 19 . . . . 1 . 74 . . 19 . 4 18 32 10 6 . Thermal 402 | . . 42 . . 40 86 29 1 . 24 . 15 35 . . 6 29 62 7 26 Explosive 29 | . . . . . 3 12 . 4 . 5 . . . . . . . 5 . . Electromagnetic 106 | . . . . . . . . . . 69 . . . . . 15 . 22 . . Entropic 19 | . . . . . . . . . . . . . . 1 8 5 5 . . . Robot Hit Streak 28 | . . 16 19 . 7 13 8 3 . 18 . 11 10 . 5 9 26 28 10 17 Robot Miss Streak 4 | . . 2 2 . 3 4 2 . . 4 . 2 2 . 1 3 1 3 . 2 Penetration Max 2 | . . . . . . . . . . 1 . . . . . . 2 . . . Secondary Targets 6 | . . . . . . 1 . . . 1 . . . . . . 4 . . . Max Gunslinging Chain 1 | . . . . . . 1 . . . 1 . . . . . . 1 . . . Shots Hit Robots 582 | . . 59 14 . 41 78 19 3 . 125 . 6 43 . 19 26 62 67 8 12 Core Hits 372 | . . 20 7 . 22 51 7 28 . 114 . 4 15 . 10 13 36 32 4 9 Critical Kills 13 | . . 3 . . 2 1 . . . 6 . . 1 . . . . . . . Critical Parts Destroyed 10 | . . 2 . . 1 . . . . 6 . . 1 . . . . . . . Critical Strikes 55 | . . 13 . . 3 4 . . . 14 . 1 3 . 4 5 6 2 . . Burn 10 | . . 5 . . . 3 . . . . . 1 1 . . . . . . . Meltdown 1 | . . . . . 1 . . . . . . . . . . . . . . . Destroy 22 | . . 8 . . . . . . . 12 . . 2 . . . . . . . Blast 7 | . . . . . . . . . . . . . . . . 4 1 2 . . Corrupt 2 | . . . . . . . . . . 2 . . . . . . . . . . Smash 3 | . . . . . 2 1 . . . . . . . . . . . . . . Sever 1 | . . . . . . . . . . . . . . . 1 . . . . . Sunder 9 | . . . . . . . . . . . . . . . 3 1 5 . . . Melee Attacks 61 | . . . . . 16 7 . . . 2 . . 5 . 12 . 6 . . 13 Impact 23 | . . . . . 16 7 . . . . . . . . . . . . . . Slashing 21 | . . . . . . . . . . 2 . . 5 . 12 . 2 . . . Piercing 17 | . . . . . . . . . . . . . . . . . 4 . . 13 Sneak Attacks 6 | . . . . . . . . . . . . . 2 . . . 3 . . 1 Combat Hostiles . | . . . . . . . . . . . . . . . . . . . . . Follow-up Attacks . | . . . . . . . . . . . . . . . . . . . . . Damage Inflicted 24311 | . . 1300 329 . 1531 2588 564 864 . 6749 . 196 1318 . 993 1049 3007 2899 355 569 Guns 7471 | . . 362 211 . 324 1108 188 . . 2563 . 196 720 . . 141 1658 . . . Cannons 8572 | . . 715 . . 216 564 376 . . 708 . . 357 . 556 852 987 2420 355 466 Explosions 6269 | . . 223 118 . 421 630 . 864 . 3478 . . . . . 56 . 479 . . Melee 1994 | . . . . . 570 286 . . . . . . 241 . 437 . 362 . . 98 Ramming 5 | . . . . . . . . . . . . . . . . . . . . 5 Kinetic 5598 | . . 953 329 . . . . . . 1971 . . 488 . 116 535 945 168 93 . Thermal 8595 | . . 347 . . 540 1672 564 . . 1220 . 196 589 . . 197 858 1684 262 466 Explosive 3408 | . . . . . 421 630 . 864 . 1014 . . . . . . . 479 . . Electromagnetic 3247 | . . . . . . . . . . 2544 . . . . . 135 . 568 . . Impact 856 | . . . . . 570 286 . . . . . . . . . . . . . . Slashing 813 | . . . . . . . . . . . . . 241 . 437 . 135 . . . Piercing 325 | . . . . . . . . . . . . . . . . . 227 . . 98 Entropic 1464 | . . . . . . . . . . . . . . . 440 182 842 . . . Highest Corruption 62 | . . . . . 11 48 49 62 62 30 . . 14 14 . . 21 . . 8 Average Corruption 26 | . . . . . 10 34 48 49 62 16 . . 11 14 . . 7 . . 4 Corruption Purged . | . . . . . . . . . . . . . . . . . . . . . Corruption Blocked . | . . . . . . . . . . . . . . . . . . . . . Effects 206 | . . . . . 16 62 40 6 4 56 . . 10 2 . . 10 . . . Message Errors 42 | . . . . . 6 8 5 3 2 10 . . 4 . . . 4 . . . Matter Fused 42 | . . . . . 3 16 9 1 1 7 . . 2 2 . . 1 . . . Heat Flow Errors 25 | . . . . . 1 6 5 . . 12 . . 1 . . . . . . . Energy Discharges 22 | . . . . . 1 7 5 1 . 7 . . 1 . . . . . . . Parts Rejected 7 | . . . . . . 2 1 . . 2 . . . . . . 2 . . . Data Loss (minor) 25 | . . . . . 2 9 6 . . 6 . . . . . . 2 . . . Data Loss (major) 2 | . . . . . . . 1 . 1 . . . . . . . . . . . Misfires 10 | . . . . . 1 3 2 1 . 3 . . . . . . . . . . Alerts 4 | . . . . . 1 1 . . . 1 . . 1 . . . . . . . Misdirections 10 | . . . . . . 4 1 . . 3 . . 1 . . . 1 . . . Weapon Failures 17 | . . . . . 1 6 5 . . 5 . . . . . . . . . . Overload Shots . | . . . . . . . . . . . . . . . . . . . . . Overflow Damage 651 | . . . . . 67 31 . . . 149 . . 78 . 60 21 146 40 20 39 Projectiles 265 | . . . . . . . . . . 28 . . 1 . . 21 116 40 20 39 Explosions 122 | . . . . . 1 . . . . 121 . . . . . . . . . . Melee 264 | . . . . . 66 31 . . . . . . 77 . 60 . 30 . . . Knockbacks 25 | . . 5 . . 2 3 . . . 5 . . 1 . 3 3 1 1 1 . Impact 4 | . . . . . 2 2 . . . . . . . . . . . . . . Kinetic 20 | . . 5 . . . . . . . 5 . . 1 . 3 3 1 1 1 . Secondary 1 | . . . . . . 1 . . . . . . . . . . . . . . Self-Inflicted Damage 246 | . . 3 15 . 43 9 . . . 174 . . . . . . . . . 2 Shots 13 | . . 1 1 . 2 2 . . . 7 . . . . . . . . . . Rammed 1 | . . . . . . . . . . . . . . . . . . . . 1 Targets Rammed 1 | . . . . . . . . . . . . . . . . . . . . 1 Kicked . | . . . . . . . . . . . . . . . . . . . . . Crushed . | . . . . . . . . . . . . . . . . . . . . . Highest Temperature 320 | . . 5 23 . 320 163 240 . . 242 . 108 306 255 198 126 7 194 90 56 Average Temperature 78 | . . 5 19 . 109 56 86 . . 55 . 44 89 92 101 46 3 21 43 21 Received Heat Transfer 3338 | . . 177 18 . 415 547 57 24 . 684 . . 73 9 . 45 785 126 45 333 Effects 4 | . . . . . 1 . . . . . . . 2 1 . . . . . . Energy Bleed 1 | . . . . . . . . . . . . . . 1 . . . . . . Matter Decay 1 | . . . . . . . . . . . . . 1 . . . . . . . Short Circuit 2 | . . . . . 1 . . . . . . . 1 . . . . . . . Siege Activations . | . . . . . . . . . . . . . . . . . . . . . Martial Activations . | . . . . . . . . . . . . . . . . . . . . . Shielding Activations . | . . . . . . . . . . . . . . . . . . . . . Robots Disrupted 3 | . . . . . . . . . . 2 . . . . . 1 . . . . Combat Hostiles 3 | . . . . . . . . . . 2 . . . . . 1 . . . . Robots Corrupted 7 | . . . . . 1 2 . . . 2 . . . . . . . 2 . . Combat Hostiles 3 | . . . . . 1 . . . . 2 . . . . . . . . . . Parts Fried 24 | . . . . . . 3 . . . 16 . . . . . . . 5 . . Impact Corruptions 7 | . . . . . 5 2 . . . . . . . . . . . . . . Robots Melted 6 | . . . . . 1 4 . . . . . . 1 . . . . . . . Combat Hostiles 6 | . . . . . 1 4 . . . . . . 1 . . . . . . . Parts Melted 26 | . . 1 . . . 13 1 . . 2 . 1 5 . . . . 1 1 1 Heat Transferred 12811 | . . 1406 . . 964 3518 919 . . 1468 . 333 851 . . 207 1073 1443 222 407 Parts Sabotaged . | . . . . . . . . . . . . . . . . . . . . . Parts Stolen . | . . . . . . . . . . . . . . . . . . . . . Parts Stripped . | . . . . . . . . . . . . . . . . . . . . . Power Chain Reactions 9 | . . . . . . . . . . 8 . . . . . 1 . . . . Alert | -11 -10 -10 -8 -8 -6 -6 -6 -6 -6 -5 -4 -4 -4 -4 -3 -3 -3 -2 -2 -2 ------- Run | Yrd Mat Sub Rec Scr Fac Ext Cet Arc Hub Fac Fac Upp Upp War Pro Res Qua Res Tes Sec Maximum Alert Level 5 | . . . . . . . . 2 . 2 1 . . . . 1 . 1 1 5 Low Security (%) 81 | 100 100 . 100 . 100 100 100 41 100 61 89 . . . . 98 100 67 34 12 Level 1 11 | . . . . . . . . 21 . 9 10 . . . . 1 . 32 65 39 Level 2 5 | . . . . . . . . 37 . 28 . . . . . . . . . . Level 3 . | . . . . . . . . . . . . . . . . . . . . . Level 4 . | . . . . . . . . . . . . . . . . . . . . . Level 5 . | . . . . . . . . . . . . . . . . . . . . . High Security . | . . . . . . . . . . . . . . . . . . . . . Max Security 1 | . . . . . . . . . . . . . . . . . . . . 47 Peak Influence 2180 | . . . 57 . 130 124 120 545 141 612 209 . . . . 206 165 360 319 2180 Initial 209 | . . . 12 . . 33 36 16 141 50 209 . . . . 74 60 . 163 156 Average 131 | . . . 9 . 36 29 39 263 131 209 163 . . . . 61 61 122 250 1000 Influence Increases 6960 | . . 40 166 . 342 486 281 595 . 1335 . 121 170 45 305 322 422 1083 216 1031 Destroy 0b10 Robot/C 3360 | . . 40 100 . 240 340 180 360 . 700 . 100 160 . 160 80 320 380 80 120 Destroy 0b10 Robot/NC 205 | . . . 10 . . 10 10 25 . 100 . . . . . 10 5 20 . 15 Destroy Leader 434 | . . . . . 50 54 10 . . 158 . 10 10 . 10 24 30 56 10 12 Allied During Kill 286 | . . . 2 . . 27 65 179 . . . 11 . . . . . . . 2 Successful Hack 107 | . . . 4 . 21 . . . . 4 . . . . . 21 6 18 15 18 Disable Machine 162 | . . . 9 . 18 9 . 9 . 27 . . . . . 9 27 9 9 36 Anti-Garrison Action 150 | . . . . . . . . . . . . . . . . 150 . . . . Destroy Structure 516 | . . . 26 . 13 46 16 22 . 166 . . . . . 28 4 135 12 48 Partial Spotted 105 | . . . . . . . . . . . . . . . . . . 90 . 15 Lose Combat Pursuer 1635 | . . . 15 . . . . . . 180 . . . 45 135 . 30 375 90 765 Influence Decreases 6023 | . . 10 196 . 261 492 306 160 364 960 377 161 239 10 225 322 547 750 230 413 Entered New Map 1422 | . . . 18 . . 48 39 34 344 71 287 54 23 10 45 51 65 . 170 163 Time Decay 3629 | . . 10 168 . 181 382 230 66 20 649 90 107 180 . 100 261 335 700 60 90 Lost Part 867 | . . . 10 . 60 29 21 40 . 240 . . 20 . 80 10 147 50 . 160 Lost Ally 105 | . . . . . 20 33 16 20 . . . . 16 . . . . . . . Squads Dispatched 49 | . . . . . 2 3 1 . . 16 . . . . . 5 3 1 2 16 Investigation 9 | . . . . . 1 2 1 . . 1 . . . . . 3 1 . . . Extermination 8 | . . . . . 1 . . . . 3 . . . . . . 2 . 1 1 Reinforcement 12 | . . . . . . 1 . . . 5 . . . . . 2 . 1 1 2 Assault 12 | . . . . . . . . . . . . . . . . . . . . 12 Garrison 7 | . . . . . . . . . . 7 . . . . . . . . . . Intercept 1 | . . . . . . . . . . . . . . . . . . . . 1 Searches Triggered . | . . . . . . . . . . . . . . . . . . . . . Construction Impeded 1 | . . . . . . . . . . 1 . . . . . . . . . . Haulers Reinforced 2 | . . . . . . . . . . 2 . . . . . . . . . . Active Scanning Responses . | . . . . . . . . . . . . . . . . . . . . . Cargo Convoy Interrupts 1 | . . . . . . . . . . 1 . . . . . . . . . . Stealth | -11 -10 -10 -8 -8 -6 -6 -6 -6 -6 -5 -4 -4 -4 -4 -3 -3 -3 -2 -2 -2 --------- Run | Yrd Mat Sub Rec Scr Fac Ext Cet Arc Hub Fac Fac Upp Upp War Pro Res Qua Res Tes Sec Distress Signals 28 | . . . 1 . . 1 2 . . 5 . . . . . 8 . 9 . 2 Communications Jammed . | . . . . . . . . . . . . . . . . . . . . . Distress Signals . | . . . . . . . . . . . . . . . . . . . . . Times Spotted 450 | . . 13 7 . 14 23 11 23 . 60 . 5 17 24 22 20 33 61 13 104 Peak Tracking Total 51 | . . 2 4 . 6 4 5 16 . 8 . 4 5 25 5 5 10 7 10 51 Tactical Retreats 42 | . . . 1 . . . . . . 7 . . . 1 5 . 2 13 2 11 Traps | -11 -10 -10 -8 -8 -6 -6 -6 -6 -6 -5 -4 -4 -4 -4 -3 -3 -3 -2 -2 -2 ------- Run | Yrd Mat Sub Rec Scr Fac Ext Cet Arc Hub Fac Fac Upp Upp War Pro Res Qua Res Tes Sec Traps Triggered 12 | . . 1 . . 1 2 . . . . . . . . . 1 3 . . 4 Indirectly . | . . . . . . . . . . . . . . . . . . . . . Trap Hack Attempts . | . . . . . . . . . . . . . . . . . . . . . Triggered . | . . . . . . . . . . . . . . . . . . . . . Disarmed . | . . . . . . . . . . . . . . . . . . . . . Reprogrammed . | . . . . . . . . . . . . . . . . . . . . . Reused . | . . . . . . . . . . . . . . . . . . . . . Traps Extracted . | . . . . . . . . . . . . . . . . . . . . . Installed 1 | . . 1 . . . . . . . . . . . . . . . . . . Triggered . | . . . . . . . . . . . . . . . . . . . . . Objects Rigged 1 | . . . . . . . . . . . . . . . . . . . 1 . Machines | -11 -10 -10 -8 -8 -6 -6 -6 -6 -6 -5 -4 -4 -4 -4 -3 -3 -3 -2 -2 -2 ---------- Run | Yrd Mat Sub Rec Scr Fac Ext Cet Arc Hub Fac Fac Upp Upp War Pro Res Qua Res Tes Sec Machines Disabled 23 | . . 1 1 . 2 1 1 1 . 3 . . . 1 . 2 3 1 1 5 Max in Single Turn 1 | . . 1 1 . 1 . . . . 1 . . . 1 . 1 1 1 1 1 Garrison Access 4 | . . . . . 1 . . . . . 1 . . . . 1 . . 1 . Machines Repaired . | . . . . . . . . . . . . . . . . . . . . . Machines Dismantled . | . . . . . . . . . . . . . . . . . . . . . Machines Sabotaged . | . . . . . . . . . . . . . . . . . . . . . Overloaded Fab Kills . | . . . . . . . . . . . . . . . . . . . . . Hacking | -11 -10 -10 -8 -8 -6 -6 -6 -6 -6 -5 -4 -4 -4 -4 -3 -3 -3 -2 -2 -2 --------- Run | Yrd Mat Sub Rec Scr Fac Ext Cet Arc Hub Fac Fac Upp Upp War Pro Res Qua Res Tes Sec Machines Accessed 45 | . . 1 1 1 3 3 1 . . 3 3 . 1 3 1 5 6 3 6 4 Terminals 24 | . . . 1 . . 3 1 . . . . . . . 1 3 6 2 3 4 Fabricators 5 | . . . . . . . . . . 1 2 . . . . 1 . . 1 . Repair Stations 2 | . . . . . 1 . . . . 1 . . . . . . . . . . Recycling Units . | . . . . . . . . . . . . . . . . . . . . . Scanalyzers 3 | . . . . . 1 . . . . . . . . . . 1 . . 1 . Garrison Access 5 | . . . . . 1 . . . . 1 1 . . . . . . 1 1 . Total Hacks 103 | . . 4 1 8 6 9 2 . . 11 6 . 1 7 1 9 14 6 13 5 Successful 52 | . . 4 1 8 3 1 . . . 4 3 . 1 7 1 2 4 2 8 3 Failed 50 | . . . . . 3 8 2 . . 7 3 . . . . 7 10 4 4 2 Catastrophic 15 | . . . . . . 2 2 . . 1 1 . . . . 3 2 1 2 1 Database Lockouts 1 | . . . . . . . . . . . . . . . . . . . 1 . Manual 36 | . . . 1 . . 4 1 . . 2 1 . . . . 7 10 3 5 2 Terminals 49 | . . . 1 . . 9 2 . . . . . . . 1 6 14 5 6 5 Fabricators 12 | . . . . . . . . . . 3 5 . . . . 2 . . 2 . Repair Stations 9 | . . . . . 3 . . . . 6 . . . . . . . . . . Recycling Units . | . . . . . . . . . . . . . . . . . . . . . Scanalyzers 6 | . . . . . 2 . . . . . . . . . . 1 . . 3 . Garrison Access 7 | . . . . . 1 . . . . 2 1 . . . . . . 1 2 . Terminal Hacks 35 | . . 4 1 8 . 1 . . . . . . 1 7 1 . 4 2 3 3 Record 14 | . . 4 . 8 . . . . . . . . . . 1 . 1 . . . Prototype ID Bank 5 | . . . . . . . . . . . . . . 5 . . . . . . Open Door 6 | . . . . . . 1 . . . . . . 1 2 . . 1 . . 1 Branch Access Points 1 | . . . . . . . . . . . . . . . . . . . 1 . Alert Level 3 | . . . . . . . . . . . . . . . . . 1 1 1 . Zone Layout 5 | . . . 1 . . . . . . . . . . . . . 1 1 1 1 Activate Exoskeleton 1 | . . . . . . . . . . . . . . . . . . . . 1 Fabricator Hacks 4 | . . . . . . . . . . . 2 . . . . 1 . . 1 . Network Status 2 | . . . . . . . . . . . 1 . . . . 1 . . . . Load Schematic 1 | . . . . . . . . . . . . . . . . . . . 1 . Build 1 | . . . . . . . . . . . 1 . . . . . . . . . Repair Station Hacks 5 | . . . . . 1 . . . . 4 . . . . . . . . . . Scan Component 3 | . . . . . 1 . . . . 2 . . . . . . . . . . Repair 2 | . . . . . . . . . . 2 . . . . . . . . . . Recycling Unit Hacks . | . . . . . . . . . . . . . . . . . . . . . Scanalyzer 4 | . . . . . 1 . . . . . . . . . . 1 . . 2 . Retrieve Study 4 | . . . . . 1 . . . . . . . . . . 1 . . 2 . Garrison Access Hacks 3 | . . . . . 1 . . . . . 1 . . . . . . . 1 . Seal Access 3 | . . . . . 1 . . . . . 1 . . . . . . . 1 . Unauthorized Hacks 1 | . . . . . . . . . . . . . . . . . . . 1 . Terminals 1 | . . . . . . . . . . . . . . . . . . . 1 . Detonate 1 | . . . . . . . . . . . . . . . . . . . 1 . Fabricators . | . . . . . . . . . . . . . . . . . . . . . Repair Stations . | . . . . . . . . . . . . . . . . . . . . . Recycling Units . | . . . . . . . . . . . . . . . . . . . . . Scanalyzers . | . . . . . . . . . . . . . . . . . . . . . Garrison Access . | . . . . . . . . . . . . . . . . . . . . . Data Cores Recovered 1 | . . . . . . . . . . . . . . . . 1 . . . . Used . | . . . . . . . . . . . . . . . . . . . . . Hacking Detections 31 | . . . . . 2 3 2 . . 3 2 . . . . 4 4 3 5 3 Full Trace Events 4 | . . . . . . 2 1 . . 1 . . . . . . . . . . Feedback Events 1 | . . . . . . . 1 . . . . . . . . . . . . . Corruption 1 | . . . . . . . 1 . . . . . . . . . . . . . Feedback Blocked . | . . . . . . . . . . . . . . . . . . . . . Robot Schematics Acquired 4 | . . . . . . . . . . . . . . . . . 4 . . . Robots Built 2 | . . . . . . . . . . . 2 . . . . . . . . . Authchips . | . . . . . . . . . . . . . . . . . . . . . Time 93 | . . . . . . . . . . . 93 . . . . . . . . . Total Robot Build Rating 14 | . . . . . . . . . . . 14 . . . . . . . . . Part Schematics Acquired 7 | . . . . . . . . . . . . . . . . . 7 . . . Parts Built . | . . . . . . . . . . . . . . . . . . . . . Authchips . | . . . . . . . . . . . . . . . . . . . . . Time . | . . . . . . . . . . . . . . . . . . . . . Total Part Build Rating . | . . . . . . . . . . . . . . . . . . . . . Part Studies Acquired 4 | . . . . . 1 . . . . . . . . . . 1 . . 2 . Parts Repaired 2 | . . . . . . . . . . 2 . . . . . . . . . . Time 112 | . . . . . . . . . . 112 . . . . . . . . . . Parts Recycled . | . . . . . . . . . . . . . . . . . . . . . Recycled Matter . | . . . . . . . . . . . . . . . . . . . . . Retrieved Matter . | . . . . . . . . . . . . . . . . . . . . . Retrieved Components . | . . . . . . . . . . . . . . . . . . . . . Parts Scanalyzed . | . . . . . . . . . . . . . . . . . . . . . Part Schematics Acquired . | . . . . . . . . . . . . . . . . . . . . . Parts Damaged . | . . . . . . . . . . . . . . . . . . . . . Bothacking | -11 -10 -10 -8 -8 -6 -6 -6 -6 -6 -5 -4 -4 -4 -4 -3 -3 -3 -2 -2 -2 ------------ Run | Yrd Mat Sub Rec Scr Fac Ext Cet Arc Hub Fac Fac Upp Upp War Pro Res Qua Res Tes Sec Used RIF Installer . | . . . . . . . . . . . . . . . . . . . . . Robots Hacked . | . . . . . . . . . . . . . . . . . . . . . Non-combat . | . . . . . . . . . . . . . . . . . . . . . Combat . | . . . . . . . . . . . . . . . . . . . . . Robot Hacks Applied . | . . . . . . . . . . . . . . . . . . . . . Relay Couplers Released 1 | . . . . . . . . . . . . . . . . 1 . . . . Machine Destruction 1 | . . . . . . . . . . . . . . . . 1 . . . . Fabnet Peak Effective % . | . . . . . . . . . . . . . . . . . . . . . Robots Rewired 19 | . . . 11 . . 8 . . . . . . . . . . . . . . Allies Hacked . | . . . . . . . . . . . . . . . . . . . . . Hacks Repelled . | . . . . . . . . . . . . . . . . . . . . . Allies | -11 -10 -10 -8 -8 -6 -6 -6 -6 -6 -5 -4 -4 -4 -4 -3 -3 -3 -2 -2 -2 -------- Run | Yrd Mat Sub Rec Scr Fac Ext Cet Arc Hub Fac Fac Upp Upp War Pro Res Qua Res Tes Sec Total Allies 28 | . . . 11 . . 9 5 . . . 2 . . . . . . . . 1 Largest Group 11 | . . . 11 10 10 5 9 6 . . 2 2 2 . . . . . . 1 Highest-Rated Group 1204 | . . . 153 148 148 266 710 632 . . 136 136 136 . . . . . . 1204 Highest-Rated Ally 1204 | . . . 27 27 27 159 159 152 . . 68 68 68 . . . . . . 1204 Total Orders . | . . . . . . . . . . . . . . . . . . . . . Ally Attacks 202 | . . . 14 . 4 18 91 55 . . . 7 4 . . . . . . 9 Total Damage 9086 | . . . 104 . 81 475 2730 3876 . . . 330 276 . . . . . . 1214 Kills 35 | . . . 2 . . 2 11 17 . . . 3 . . . . . . . . Allies Corrupted 2 | . . . . . . 2 . . . . . . . . . . . . . . Allies Melted 1 | . . . . . . . . . . . . . . . . . . 1 . . Intel | -11 -10 -10 -8 -8 -6 -6 -6 -6 -6 -5 -4 -4 -4 -4 -3 -3 -3 -2 -2 -2 ------- Run | Yrd Mat Sub Rec Scr Fac Ext Cet Arc Hub Fac Fac Upp Upp War Pro Res Qua Res Tes Sec Active Infowar (turns) 8780 | . 138 265 715 594 84 . . . 11 1351 199 306 963 419 273 781 836 1680 . 165 Optics 5866 | . . . 715 80 . . . . . 207 199 306 963 419 273 781 836 1087 . . Sensors 3683 | . 138 265 . 514 84 . . . 11 1177 199 306 515 . . . 474 . . . Terrain 1651 | . . . . . . . . . . 335 . . . . . . . 1316 . . Structural 1401 | . . . . . . . . . . 34 199 306 697 . . . . . . 165 Seismic 236 | . . . . . . . . . . . . . . . 236 . . . . . Decoding 1016 | . . . . . . . . . . . . . 594 419 3 . . . . . Machine Analysis 402 | . . . . . . . . . . . . 259 143 . . . . . . . Cloaking 683 | . . . . . . . . . . . . . . . . . 37 646 . . Jamming 2 | . . . . . . . . . . . . . . . . . . 2 . . Robot Analysis Total . | . . . . . . . . . . . . . . . . . . . . . Derelict Logs Recovered 7 | . . 3 . 1 . . . . . . . 1 2 . . . . . . . Drone Launches . | . . . . . . . . . . . . . . . . . . . . . Drone Recoveries . | . . . . . . . . . . . . . . . . . . . . . Exploration | -11 -10 -10 -8 -8 -6 -6 -6 -6 -6 -5 -4 -4 -4 -4 -3 -3 -3 -2 -2 -2 ------------- Run | Yrd Mat Sub Rec Scr Fac Ext Cet Arc Hub Fac Fac Upp Upp War Pro Res Qua Res Tes Sec Turns Passed 14009 | 56 225 2026 922 595 504 1060 627 154 58 1688 199 306 963 419 273 781 836 1818 135 364 Spaces Moved 12952 | 51 57 1598 459 760 512 607 191 67 22 579 182 366 605 551 422 480 519 3678 390 856 Core 337 | 11 . 12 198 . . . . . . . . . 52 . . . 14 36 . 14 Treads 133 | . . . . . . . . . . . . . . . . 4 . 129 . . Legs 2022 | . . . . . . 509 191 67 22 526 . . 49 . . 153 505 . . . Wheels 2262 | 40 57 1586 . . . . . . . 1 . . 357 . . 221 . . . . Hover 3453 | . . . 261 760 512 98 . . . 52 182 366 147 551 422 102 . . . . Flight 4745 | . . . . . . . . . . . . . . . . . . 3513 390 842 Fastest Speed 20 | 50 90 90 80 66 56 56 120 190 260 46 46 46 46 43 43 101 50 20 26 25 Average Speed 76 | 80 90 111 149 67 57 123 185 191 260 204 46 46 126 47 45 127 117 30 26 26 Slowest Speed 470 | 90 90 250 250 80 66 190 260 260 260 470 46 116 350 116 200 260 190 160 26 50 Overloaded Moves . | . . . . . . . . . . . . . . . . . . . . . Propulsion Burnouts . | . . . . . . . . . . . . . . . . . . . . . Robots Hopped 15 | . . . . . . . . . . . . . . . . . . 6 2 7 Potential Cave-ins 12 | . . . . . . 8 . . . . . 2 . . . . . . . 2 Cave-ins Triggered 1 | . . . . . . 1 . . . . . . . . . . . . . . Teleports 1 | . . . . . . . . . . . . . . . . . 1 . . . Exploration Rate (%) 50 | 4 9 93 85 54 12 66 65 84 4 18 5 59 74 84 63 18 57 87 50 62 Regions Visited 20 Branch Regions 14 Pre-discovered Areas 3 | . . 3 . . . . . . . . . . . . . . . . . . Known Exits Taken 11 | . . . . . . . . . 1 1 1 1 1 1 1 1 1 1 1 . Unknown Exits Taken 9 | 1 1 1 1 1 1 1 1 1 . . . . . . . . . . . . Scrap Searched 13 | . . 3 . 2 . . . . . . . 3 3 . 2 . . . . . Spaces Dug 74 | . . 4 . . . 43 . . . 2 . 2 3 . . . 1 8 . 11 Terrain Destroyed 441 | . . 37 38 . 10 105 1 20 . 105 . 7 18 1 10 17 3 49 2 18 Melee 10 | . . . . . . . . . . 1 . . 2 . . . 1 . . 6 Projectile 128 | . . 14 . . 2 3 1 2 . 27 . 7 16 1 10 8 2 21 2 12 AOE 303 | . . 23 38 . 8 102 . 18 . 77 . . . . . 9 . 28 . . Terrain Rammed . | . . . . . . . . . . . . . . . . . . . . . Walls Destroyed . | . . . . . . . . . . . . . . . . . . . . . Machines Disabled . | . . . . . . . . . . . . . . . . . . . . . Actions | -11 -10 -10 -8 -8 -6 -6 -6 -6 -6 -5 -4 -4 -4 -4 -3 -3 -3 -2 -2 -2 --------- Run | Yrd Mat Sub Rec Scr Fac Ext Cet Arc Hub Fac Fac Upp Upp War Pro Res Qua Res Tes Sec Total 16017 | 62 230 1753 674 840 640 793 429 88 24 900 297 488 736 706 473 599 670 4272 407 936 Wait 1877 | 5 172 97 101 72 46 29 205 12 . 142 111 103 41 140 28 70 65 418 6 14 Move 12903 | 50 56 1597 458 759 511 605 190 66 21 578 181 365 604 550 421 479 518 3667 385 842 Hop 13 | . . . . . . . . . . . . . . . . . . 4 2 7 Pick Up 38 | 1 1 2 2 2 4 4 8 . . 4 . . 1 2 . . 6 . . 1 Fast Attach 203 | 6 1 3 2 3 16 19 4 . . 25 2 4 20 5 1 17 15 49 3 8 Attach 46 | . . 2 1 . 2 2 1 2 2 15 . . 5 1 1 . 6 3 1 2 Detach 26 | . . 2 . 1 1 . . . . 9 1 . 1 2 1 . . 5 1 2 Swap 42 | . . . . . 3 8 3 4 . 6 . . 3 . . 3 9 3 . . Drop 105 | . . . 1 3 7 11 2 . 1 9 2 1 5 5 1 7 13 31 2 4 Fire 530 | . . 49 11 . 34 58 16 4 . 103 . 15 51 1 8 23 32 92 7 26 Melee 61 | . . . . . 16 7 . . . 2 . . 5 . 12 . 6 . . 13 Ram 1 | . . . . . . . . . . . . . . . . . . . . 1 Kick . | . . . . . . . . . . . . . . . . . . . . . Crush . | . . . . . . . . . . . . . . . . . . . . . Escape Stasis 17 | . . . . . . 1 . . . . . . . . . . . . . 16 Rewire 154 | . . . 98 . . 49 . . . 7 . . . . . . . . . . Trap 1 | . . 1 . . . . . . . . . . . . . . . . . . Miscellaneous . | . . . . . . . . . . . . . . . . . . . . . Route ------- -11/Scrapyard -10/Materials -10/Subcaves (discovered 3 exits: [*Mat x2] / *Rec) -8/Recycling (discovered 2 exits: *Fac / *Scr) -8/Scraptown -6/Factory -6/Extension (discovered 2 exits: *Fac / *Cet) -6/Cetus (discovered 2 exits: *Fac / [*Arc]) -6/Archives (discovered 2 exits: *Fac / [*Hub]) -6/Hub_04(d) -5/Factory -4/Factory -4/Upper Caves -4/Upper Caves (discovered 2 exits: *Res / *War) -4/Warlord -3/Proximity Caves -3/Research -3/Quarantine -2/Research (discovered 4 exits: *Acc x3 / *Tes) -2/Testing (discovered 3 exits: *Acc / *Sec / [*Frg]) -2/Section 7 (discovered 1 exit: *Acc) History --------- Turn | Location | Event 3 | -11/Scrapyard | Discovered new exit (range 16) 57 | -11/Scrapyard | Entered Materials 272 | -10/Materials | Discovered new exit (range 8) 282 | -10/Materials | Entered Subcaves 285 | -10/Subcaves | Learned Materials garrison access intel 317 | -10/Subcaves | Build established: Mutant 366 | -10/Subcaves | A swath of the cavern ceiling suddenly collapsed 421 | -10/Subcaves | Shifting Twisted Machinery released Battle Rifle 456 | -10/Subcaves | Shifting Twisted Machinery released Slug Cannon 595 | -10/Subcaves | A swath of the cavern ceiling suddenly collapsed 648 | -10/Subcaves | Visited Clippyterm 652 | -10/Subcaves | Learned location of Deep Caves (-6) 652 | -10/Subcaves | Learned Factory fabricator intel 673 | -10/Subcaves | Shifting Twisted Machinery released Sub. Beam Cannon 677 | -10/Subcaves | Shifting Twisted Machinery released Battle Rifle 815 | -10/Subcaves | Disturbed a concealed Subdweller 1396 | -10/Subcaves | Shifting Twisted Machinery released Sub. Shrapnel Launcher 1674 | -10/Subcaves | Shifting Twisted Machinery released Sub. Beam Cannon 1779 | -10/Subcaves | Learned Materials security intel 1816 | -10/Subcaves | Discovered new exit (range 7) 1868 | -10/Subcaves | Learned location of Zion (-6) 1868 | -10/Subcaves | Met a Zionite searching for "candidates" 2006 | -10/Subcaves | Discovered new exit (range 8) 2212 | -10/Subcaves | Lost 3 parts (1p1n1w) 2281 | -10/Subcaves | Discovered new exit (range 9) 2308 | -10/Subcaves | Entered Recycling 2649 | -8/Recycling | Discovered new exit (range 6) 2774 | -8/Recycling | Core integrity fell below 50% 3145 | -8/Recycling | Scanned before Scraplab entrance 3164 | -8/Recycling | Build established: Commander-Mutant 3200 | -8/Recycling | Entered Scraplab 3207 | -8/Recycling | Discovered new exit (range 3) 3230 | -8/Recycling | Entered Scraptown 3230 | -8/Scraptown | Accompanied by 10 allies 3362 | -8/Scraptown | Scanned Subdweller tech in exchange for log data 3364 | -8/Scraptown | Learned Research security intel 3386 | -8/Scraptown | Visited Comm Corps 3425 | -8/Scraptown | Visited The Evicted 3536 | -8/Scraptown | Visited Cave Peace 3570 | -8/Scraptown | Visited Artisan Demo Area 3595 | -8/Scraptown | Visited CPS Storage 3604 | -8/Scraptown | Visited Fellowship of the Rings 3712 | -8/Scraptown | Discovered new exit (range 7) 3825 | -8/Scraptown | Entered Factory 3825 | -6/Factory | Accompanied by 10 allies 3825 | -6/Factory | Evolved 8 slots: Power x1, Propulsion x4, Utility x2, Weapon x1 3826 | -6/Factory | Loaded intel: 6 fabricator locations 3904 | -6/Factory | Lost 8 allies 3940 | -6/Factory | Lost 5 parts (1p1n3u) 3955 | -6/Factory | System corruption reached 10% 4198 | -6/Factory | Build established: Mutant 4232 | -6/Factory | Discovered new exit (range 11) 4329 | -6/Factory | Entered Extension 4591 | -6/Extension | System corruption reached 30% 4734 | -6/Extension | Crushed by falling debris 4834 | -6/Extension | Lost 4 parts (1p2u1w) 4901 | -6/Extension | Build established: Scavenger-Mutant 5034 | -6/Extension | Rescued A7 5366 | -6/Extension | Discovered new exit (range 10) 5368 | -6/Extension | Discovered new exit (range 6) 5389 | -6/Extension | Entered Cetus 5389 | -6/Cetus | Accompanied by 5 allies (A7) 5394 | -6/Cetus | Acquired a Cetus Manufacturing Module code from A7 5421 | -6/Cetus | Spotted Cetus Guard 5422 | -6/Cetus | Spotted Cetus Guard 5425 | -6/Cetus | Spotted Cetus Guard 5425 | -6/Cetus | Spotted Cetus Guard 5434 | -6/Cetus | Allies destroyed Cetus Guard 5440 | -6/Cetus | Core integrity fell below 50% 5446 | -6/Cetus | Allies destroyed Cetus Guard 5456 | -6/Cetus | Allies destroyed Cetus Guard 5460 | -6/Cetus | Destroyed Cetus Guard 5473 | -6/Cetus | Lost 3 parts (2n1u) 5610 | -6/Cetus | Started Cetus Manufacturing Module 5635 | -6/Cetus | Manufactured an Enhanced Grunt 5660 | -6/Cetus | Manufactured an Enhanced Grunt 5685 | -6/Cetus | Manufactured an Enhanced Grunt 5710 | -6/Cetus | Manufactured an Enhanced Grunt 5735 | -6/Cetus | Manufactured an Enhanced Grunt 5792 | -6/Cetus | Discovered new exit (range 16) 5840 | -6/Cetus | Spotted Cetus Guard 5840 | -6/Cetus | Spotted Cetus Guard 5842 | -6/Cetus | Spotted Cetus Guard 5842 | -6/Cetus | Spotted Cetus Guard 5859 | -6/Cetus | Allies destroyed Cetus Guard 5864 | -6/Cetus | Allies destroyed Cetus Guard 5873 | -6/Cetus | Allies destroyed Cetus Guard 5885 | -6/Cetus | Discovered new exit (range 16) 5888 | -6/Cetus | Lost 3 allies 5902 | -6/Cetus | Met Revision 17 6016 | -6/Cetus | Entered Archives 6016 | -6/Archives | Accompanied by 6 allies (A7) 6050 | -6/Archives | Met Zhirov 6056 | -6/Archives | Reinforcements dispatched to Archives 6089 | -6/Archives | Discovered new exit (range 16) 6101 | -6/Archives | Reinforcements dispatched to Archives 6121 | -6/Archives | Zhirov detonated Archives 6121 | -6/Archives | Discovered new exit (range 15) 6152 | -6/Archives | Lost 4 parts (1p1n1u1w) 6152 | -6/Archives | Lost 4 allies 6170 | -6/Archives | Entered Hub_04(d) 6170 | -6/Hub_04(d) | Discovered new exit (range 11) 6225 | -6/Hub_04(d) | Identified exit to Factory 6228 | -6/Hub_04(d) | Entered Factory 6228 | -5/Factory | Evolved 2 slots: Utility x2 6600 | -5/Factory | Repaired Carbon-fiber Leg 6676 | -5/Factory | Repaired Quantum Reactor 6809 | -5/Factory | Build established: Scavenger-Assassin 6932 | -5/Factory | Garrison activated, responded to threat 7105 | -5/Factory | System corruption reached 10% 7129 | -5/Factory | Build established: Scavenger-Mutant 7369 | -5/Factory | Cargo convoy interrupted 7371 | -5/Factory | Garrison activated, responded to threat 7417 | -5/Factory | Lost 3 parts (2n1u) 7574 | -5/Factory | Lost 15 parts (1p6n3u5w) 7851 | -5/Factory | Garrison activated, responded to threat 7871 | -5/Factory | System corruption reached 30% 7908 | -5/Factory | Discovered new exit (range 17) 7915 | -5/Factory | Identified exit to Factory 7916 | -5/Factory | Entered another Factory area 7916 | -4/Factory | Evolved 2 slots: Utility x2 7962 | -4/Factory | Discovered new exit (range 5) 7964 | -4/Factory | Identified exit to Upper Caves 8080 | -4/Factory | Fabricated X-77 Beamer (x2) 8115 | -4/Factory | Entered Upper Caves 8115 | -4/Upper Caves | Accompanied by 2 allies 8185 | -4/Upper Caves | Attracted the attention of an 0b10 checkpoint 8186 | -4/Upper Caves | Build established: Scout 8365 | -4/Upper Caves | Learned Research terminal intel 8401 | -4/Upper Caves | Discovered new exit (range 18) 8408 | -4/Upper Caves | Identified exit to Upper Caves 8421 | -4/Upper Caves | Entered another Upper Caves area 8421 | -4/Upper Caves | Accompanied by 2 allies 8455 | -4/Upper Caves | Attracted the attention of an 0b10 checkpoint 8661 | -4/Upper Caves | Discovered new exit (range 15) 8712 | -4/Upper Caves | Learned Research garrison access intel 8998 | -4/Upper Caves | Attacked by a faux Warlord 9091 | -4/Upper Caves | Build established: Scavenger-Assassin 9155 | -4/Upper Caves | System corruption reached 10% 9160 | -4/Upper Caves | Core integrity fell below 50% 9181 | -4/Upper Caves | Lost 9 parts (1p1n4u3w) 9304 | -4/Upper Caves | Found DCF Scrap (13 items) 9330 | -4/Upper Caves | Learned Research emergency access door positions 9365 | -4/Upper Caves | Discovered new exit (range 9) 9384 | -4/Upper Caves | Identified exit to Warlord 9384 | -4/Upper Caves | Entered Warlord 9397 | -4/Warlord | Discovered new exit (range 14) 9418 | -4/Warlord | System corruption cleaned by Quarantine Array 9460 | -4/Warlord | Found Prototype Device 9460 | -4/Warlord | Identified Minesniffer Drone Bay 9480 | -4/Warlord | Visited the Vortex Lab 9484 | -4/Warlord | Found Prototype Energy Cannon 9484 | -4/Warlord | Identified Vortex Driver 9486 | -4/Warlord | Found Vortex Driver 9500 | -4/Warlord | Warlord's base attacked by MAIN.C 9509 | -4/Warlord | Build established: Derelict-Mutant 9611 | -4/Warlord | Met Warlord 9634 | -4/Warlord | Found Prototype Hackware 9634 | -4/Warlord | Identified Ghost Barrier 9641 | -4/Warlord | Found Prototype Reactor 9710 | -4/Warlord | Opened side exit 9800 | -4/Warlord | Spotted Striker 9801 | -4/Warlord | Spotted Executioner 9802 | -4/Warlord | Identified exit to Proximity Caves 9803 | -4/Warlord | Entered Proximity Caves 10069 | -3/Proximity Caves | Discovered new exit (range 6) 10075 | -3/Proximity Caves | Identified exit to Research 10076 | -3/Proximity Caves | Entered Research 10076 | -3/Research | Evolved 2 slots: Utility x2 10079 | -3/Research | Loaded intel: 24 terminal locations 10080 | -3/Research | Loaded intel: 4 garrison access locations 10086 | -3/Research | Lost 8 parts (5n2u1w) 10276 | -3/Research | Revision forces began assault on 0b10 10343 | -3/Research | Build established: Hacker-Mutant 10360 | -3/Research | Met up with Revision 17++ 10776 | -3/Research | Research terminal network offline 10778 | -3/Research | Discovered new exit (range 6) 10807 | -3/Research | Identified exit to Quarantine 10830 | -3/Research | Spotted Striker 10832 | -3/Research | Spotted Striker 10857 | -3/Research | Entered Quarantine 10880 | -3/Quarantine | Lost 4 allies 10954 | -3/Quarantine | Identified Vortex Chain Reactor 10969 | -3/Quarantine | Found Alien Artifact 10975 | -3/Quarantine | Build established: Scavenger-Mutant 10976 | -3/Quarantine | Found Alien Artifact 10994 | -3/Quarantine | Identified Hpw. Transdimensional Reconstructor 10994 | -3/Quarantine | Warped through subspace 11423 | -3/Quarantine | Destroyed 11 combat bots 11427 | -3/Quarantine | Lost 6 parts (3n2u1w) 11465 | -3/Quarantine | Met incapacitated Sigix Warrior 11465 | -3/Quarantine | Lockdown squad dispatched 11470 | -3/Quarantine | Acquired the access code to the Sigix quarantine chamber 11472 | -3/Quarantine | Unlocked Sigix quarantine chamber 11479 | -3/Quarantine | Found Sigix Containment Pod 11503 | -3/Quarantine | Spotted Lightning 11506 | -3/Quarantine | Spotted Lightning 11513 | -3/Quarantine | Found Alien Artifact 11513 | -3/Quarantine | Identified Subatomic Replicator 11517 | -3/Quarantine | Spotted Lightning 11556 | -3/Quarantine | System corruption reached 10% 11671 | -3/Quarantine | Build established: Scavenger-Assassin 11673 | -3/Quarantine | Core integrity fell below 50% 11684 | -3/Quarantine | Discovered new exit (range 15) 11691 | -3/Quarantine | Core integrity fell below 20% 11693 | -3/Quarantine | Identified exit to Research 11693 | -3/Quarantine | Entered Research 11693 | -2/Research | Warlord forces began assault on 0b10 11693 | -2/Research | Evolved 2 slots: Utility x1, Weapon x1 11717 | -2/Research | Lost 10 parts (1p4n5u) 11803 | -2/Research | Research machine network offline 12074 | -2/Research | Lost 4 allies 12107 | -2/Research | Spotted Executioner 12107 | -2/Research | Spotted Striker 12159 | -2/Research | Found Prototype Launcher 12159 | -2/Research | Identified Gui. Micro-nuke Launcher 12191 | -2/Research | Spotted B-90 Cyclops 12225 | -2/Research | Met up with Warlord 12226 | -2/Research | Met DD-05H 12226 | -2/Research | Discovered new exit (range 18) 12231 | -2/Research | Identified exit to Access 12259 | -2/Research | Borebot progress halted 12280 | -2/Research | Found Prototype Launcher 12280 | -2/Research | Identified Mni. Smartbomb Launcher 12292 | -2/Research | Spotted Striker 12337 | -2/Research | Spotted Striker 12341 | -2/Research | Build established: Scavenger-Sprinter 12351 | -2/Research | Spotted Striker 12365 | -2/Research | Spotted Executioner 12398 | -2/Research | Lost 7 allies 12399 | -2/Research | Borebot progress halted 12494 | -2/Research | Spotted Striker 12534 | -2/Research | Spotted Executioner 12552 | -2/Research | Found Prototype Processor 12552 | -2/Research | Identified Exp. Core Analyzer 12556 | -2/Research | Spotted Striker 12557 | -2/Research | Spotted Striker 12693 | -2/Research | Warlord invited to help at Command 12693 | -2/Research | Given Cave Seal Controls access code 12749 | -2/Research | Spotted B-90 Cyclops 12821 | -2/Research | Found Prototype Launcher 12821 | -2/Research | Identified Com. Tesla Bomb Launcher 12891 | -2/Research | Spotted B-90 Cyclops 13022 | -2/Research | Spotted Executioner 13045 | -2/Research | Found Prototype Processor 13045 | -2/Research | Identified Exp. Targeting Computer 13087 | -2/Research | Found Prototype Processor 13087 | -2/Research | Identified Exp. Melee Analysis Suite 13221 | -2/Research | Discovered exit to Access (range 13) 13342 | -2/Research | Spotted Striker 13402 | -2/Research | Spotted B-90 Cyclops 13501 | -2/Research | Discovered exit to Access (range 7) 13510 | -2/Research | Discovered new exit (range 7) 13511 | -2/Research | Identified exit to Testing 13511 | -2/Research | Entered Testing 13545 | -2/Testing | Found Prototype Energy Cannon 13545 | -2/Testing | Identified Disintegrator 13584 | -2/Testing | Discovered exit to Access (range 8) 13588 | -2/Testing | Central database locked down 13626 | -2/Testing | Spotted Fortress 13644 | -2/Testing | Discovered new exit (range 6) 13644 | -2/Testing | Discovered new exit (range 7) 13645 | -2/Testing | Identified exit to Section 7 13646 | -2/Testing | Entered Section 7 13826 | -2/Section 7 | Activated Sigix Exoskeleton 13826 | -2/Section 7 | Unable to understand communications from Sigix Warrior 13850 | -2/Section 7 | Spotted B-99 Colossus 13860 | -2/Section 7 | Found Alien Artifact 13860 | -2/Section 7 | Identified Core Reset Matrix 13860 | -2/Section 7 | Identified Dimensional Node Initializer 13860 | -2/Section 7 | Used Core Reset Matrix 13864 | -2/Section 7 | Sensed 21 artifacts in vicinity 13880 | -2/Section 7 | Spotted Executioner 13880 | -2/Section 7 | Spotted Executioner 13898 | -2/Section 7 | Found Integrity Redistributor 13933 | -2/Section 7 | Spotted Alpha 7 13933 | -2/Section 7 | Spotted Alpha 7 13940 | -2/Section 7 | Found Integrated Dissipator 13940 | -2/Section 7 | Installed Integrated Dissipator, increased core heat dissipation (+20) 13963 | -2/Section 7 | Initialized slip node 13977 | -2/Section 7 | Discovered exit to Access (range 6) 13982 | -2/Section 7 | Spotted Investigator 13996 | -2/Section 7 | Scanned by Researcher 13997 | -2/Section 7 | Intercept squad dispatched 13999 | -2/Section 7 | Spotted Tracker 14000 | -2/Section 7 | Spotted Tracker 14003 | -2/Section 7 | Core integrity fell below 50% 14005 | -2/Section 7 | Used Integrity Redistributor, redistributed integrity to core (+15) 14005 | -2/Section 7 | Spotted Combat Programmer 14006 | -2/Section 7 | Sigix Exoskeleton integrity reduced to 80% 14009 | -2/Section 7 | Core integrity fell below 20% 14009 | -2/Section 7 | Spotted Combat Programmer 14010 | -2/Section 7 | Destroyed by G-73 Enforcer with Phase Gun Last Messages --------------- C-57 Dissector. 14002_ Penetrated by Slug. 14003_ M-36 Artificer repairs C-57 Dissector Unknown Flight Unit. 14003_ Adv. Heat Sink destroyed. 14005_ Integrity redistributed to core (+15). 14005_ Adv. Signal Interpreter severed. 14006_ Combat Programmer resets G-73 Enforcer, system corruption cleaned. 14007_ Slammed into G-73 Enforcer. 14007_ Imp. Hacking Suite destroyed. 14007_ System corrupted by crushing effect (+3). 14007_ Adv. Target Analyzer destroyed. 14009_ Triggered Stasis Trap. 14009_ A bubble of rippling energy engulfs the area. 14009_ Field strength at 94. 14009_ Penetrated by EMDS Slug. 14010_ Field strength at 63. 14010_ Penetrated by EMDS Slug. Map ----- +----------------------------------------------------+ | ???????????????????????????????????????????????# | | ???????????????????????????????????????????????# | | ???????????????????????????????????????????????# | | ???????????????????????????????????????????????# " | | ???????????????????????????????????????????????# " | | ???????????????????????????????????????????????# | | ???????????????????????????????????????????????# | | ???????????????????????????????????????????????# | | ?????????????????????????????????????#########+##+ | | ??????????????????????? ??????? | | ?????????????????????? ??????????????##### | | ??????????????????????# ??????????????????# | | ??????????????????????# ?????????????#????# | | ??????????????? ? ???# #???????????? ????# | | ??????????????? ??# #?????????###"##### | | ??????????????? ??# #?????????+ | | ??????????????# !=! ?# #?????????### | | ??????????????? !! ?# +???????????# | | ???????????????? =! # #???????????# | | ?????????????????? # c#???????????# ######### | | ???????????????????? ; g############# #???????? | | ??????????????????????# g g #???????? | | ??????????????????????# g g !!##??????? | | ??????????????????????# g s "######## | | ??????????????????????# ceps "# | | ??????????????????????# @b########## "%# | | ??????????????????????# ####### ## "# | | ??????????????????????# g# # # | | ??????????????????????# gp# """ # // | | ??????????????????????# # "R" # #% | | ??????????????????????# # " " # +=* | | ??????????????????????# g/ # # | | ??????????????????????# Y# #### # | | ??????????????????????# # !#??# # | | ??????????????????????# g ######/###??# # [ | | ??????????????????????# ????#%#????# # | | ??????????????????????# < ???#"#????# ######## | | ??????????????????????# ??# #????# #??????## | | ??????????????????????# ### #????# ##??????? | | ??????????????????????######?#""#/###### ### | | ?????????????????????????????# " "! | | ?????????????????????????????###! ""#+ ### | | ???????????????????????????????# T"# ??????? | | ???????????????????????????????#[ = ""# ???????? | | ???????????????????????????????# # [??????? | | ???????????????????????????????######### ??????? | | ????????????????????????????????????????###??????? | | | | | | | +----------------------------------------------------+ Best States ------------- Heat Dissipation 107 Coolant Potential 120 Energy Generation 55 Energy Capacity 860 Matter Stores 300 Matter Capacity 300 Sight Range 23 Robot Scan Range 16 Terrain Scan Range 20 Terrain Scan Density 10 Jamming Range 14 Cloak Strength 2 Power Amplification 30 Additional Mass Support 12 Base Temperature (-) 150 Armor Coverage 675 Resistance: KI 20 Resistance: TH 20 Resistance: EX 20 Resistance: EM 20 Resistance: I 20 Resistance: S 20 Resistance: P 20 Core Shielding 30 Power Shielding 66 Weapon Shielding 33 Phase Shifting 10 Evasion (%) 66 Targeting Accuracy 12 Target Analysis 12 Core Analysis 8 Armor Integrity Analysis 40 Recoil Reduction 2 Offensive Hacking 32 Defensive Hacking 20 Item Schematics ----------------- None Robot Schematics ------------------ None Fabricated ------------ X-77 Beamer | x2 | -4/Factory | Preloaded Repaired ---------- Carbon-fiber Leg | 9% | -5/Factory Quantum Reactor | 10% | -5/Factory Studied --------- None Alien Tech Used ----------------- High-powered Transdimensional Reconstructor Subatomic Replicator Core Reset Matrix Integrated Dissipator Dimensional Node Initializer Integrity Redistributor Achievements -------------- None Challenges ------------ None Game ------ Seed JammingFireSword Manual? 0 Play Time 02:31:32 Cumulative 261.7 hours Start 2025.12.27 @ 23:05:42 End 2025.12.28 @ 20:52:17 Sessions 3 Manual Loads 0 Difficulty Adventurer Special Mode None Game No. 199 Rogue 10 Adventurer 189 Explorer 0 Win Type - Total 17 Types 7/0/7/3/0/0/0/0/0/0 Lore% 76 Gallery% 73 Achievement% 57 Wizard Run 0 Options --------- Layout 1 ASCII 0 Keyboard 0 Movement Mouse Keybinds 0 Fullscreen 1 Font 24/Smallcaps Map View 50x35 Zoom Use 0% Tactical HUD 1 Map Filters NONE Filters NONE Steam 1 RUN: 82d30094-1b58-42e9-88d4-630b5879e10f